 Dungeon Crawl Stone Soup version 0.31-a0-259-g771a54ca4b (webtiles) character file.

Game seed: 14715404986389551052

756 qw the Skirmisher (level 7, -9/59 HPs)
             Began as a Minotaur Hexslinger on July 13, 2023.
             Mangled by a troll (14 damage)
             ... on level 5 of the Dungeon.
             The game lasted 00:01:11 (2643 turns).

qw the Skirmisher (Minotaur Hexslinger)             Turns: 2643, Time: 00:01:12

Health: -9/59      AC:  9    Str: 13    XL:     7   Next: 50%
Magic:  7/7        EV: 11    Int: 10    God:
Gold:   69         SH:  0    Dex: 14    Spells: 7/8 levels left

rFire   . . .        Y - +2 sling
rCold   . . .        (no shield)
rNeg    . . .        b - +0 ring mail
rPois   .            (helmet restricted)
rElec   .            (no cloak)
rCorr   .            (no gloves)
SInv    .            (no boots)
Will    .....        f - amulet of faith
Stlth   +            e - +4 ring of protection
HPRegen 0.29/turn    (no ring)
MPRegen 0.10/turn

%: faith
@: about to teleport
A: horns 2, retaliatory headbutt
a: no special abilities


You were on level 5 of the Dungeon.
You visited 1 branch of the dungeon, and saw 6 of its levels.

You collected 147 gold pieces.
You spent 78 gold pieces at shops.


Innate Abilities, Weirdness & Mutations

You have a pair of horns on your head.
You reflexively headbutt those who attack you in melee.


   Skills:
 + Level 4.3 Fighting
 - Level 8.3 Ranged Weapons
 - Level 2.0 Armour
 - Level 2.1 Dodging
 - Level 1.0 Spellcasting
 - Level 2.0 Hexes


You had 7 spell levels left.
You knew the following spells:

 Your Spells              Type           Power      Damage    Failure   Level
a - Slow                  Hex            16%        N/A       32%         1

Your spell library contained the following spells:

 Spells                   Type           Power      Damage    Failure   Level
 Inner Flame              Hex/Fire       2%         N/A       82%         3
 Portal Projectile        Hex/Tloc       4%         N/A       82%         3
 Cause Fear               Hex            2%         N/A       97%         4

Inventory:

Hand Weapons
 Y - a +2 sling (weapon)
Armour
 b - a +0 ring mail (worn)
Jewellery
 e - a +4 ring of protection (left hand)
 f - an amulet of faith (around neck)
Scrolls
 a - a scroll of identify
 k - a scroll of teleportation
Potions
 g - a potion of cancellation
 h - 3 potions of curing
 i - 3 potions of might
 l - a potion of degeneration {unknown}
 m - a potion of lignification {unknown}

Dungeon Overview and Level Annotations

Branches:
Dungeon (6/15)
 Temple: D:4-7

Altars:
Hepliaklqana

Shops:
D:2 !   D:6 =


Message History

You hear the slow rusting of a drain nearby.
HP restored.
Found a scroll of fog.
A troll comes into view.
The troll shouts!
Enter note: You shoot a sling bullet.
The sling bullet hits the troll.
The troll is lightly wounded.
You shoot a sling bullet. The sling bullet hits the troll.
The troll is lightly wounded.
You shoot a sling bullet. The sling bullet hits the troll!
The troll is moderately wounded.
You shoot a sling bullet. The sling bullet hits the troll!
The troll is severely wounded.
You shoot a sling bullet. The sling bullet hits the troll.
The troll is severely wounded.
The troll bites you! The troll claws you. The troll closely misses you.
You shoot a sling bullet.
The sling bullet barely misses the troll.
The troll bites you but does no damage. The troll claws you!
The troll claws you.
You shoot a sling bullet.
The sling bullet barely misses the troll.
The troll barely misses you. The troll claws you.
The troll claws you but does no damage.
You shoot a sling bullet.
The sling bullet barely misses the troll.
The troll closely misses you. The troll barely misses you. The troll claws you.
You shoot a sling bullet. The sling bullet hits the troll.
The troll is severely wounded.
The troll closely misses you. You furiously retaliate!
You headbutt the troll. The troll claws you! The troll barely misses you.
2642 ||| READING 2 scrolls of teleportation.
As you read the scroll of teleportation, it crumbles to dust.
You feel strangely unstable. The troll bites you.
The troll claws you but does no damage. x2
You shoot a sling bullet. The sling bullet hits the troll!
The troll is almost dead.
The troll bites you!
You die...

#......)# #
###..###.###..
###....#.###....
#............#
##....#...##.#
#.....##..#
#........####
#...........###...
####...#..@.......
##..####T......
### #....#. ......
..... ..... ....
###.


You could see a troll.

Vanquished Creatures
  A black bear (D:6)
  2 ice beasts (D:5)
  A phantom (D:4)
  A scorpion (D:6)
  2 hounds (D:5)
  A jelly (D:6)
  An orc priest (D:3)
  An iguana (D:6)
  Natasha (thrice) (D:2)
  An orc wizard (D:6)
  2 ufetubi (D:6)
  A worm (D:5)
  2 dart slugs
  9 orcs
  5 endoplasms
  A giant cockroach (D:1)
  3 goblins
  4 hobgoblins (D:1)
  5 jackals
  6 quokkas
  4 ball pythons (D:1)
  8 bats
  2 frilled lizards (D:1)
  6 kobolds (D:1)
  8 rats
80 creatures vanquished.

Notes
Turn   | Place    | Note
-------+----------+-------------------------------------------
     0 | D:1      | qw the Minotaur Hexslinger began the quest for the Orb.
     0 | D:1      | Reached XP level 1. HP: 16/16 MP: 1/1
     0 | D:1      | 0 ||| qw: Version: 0.3-a-52-g30416fa
     0 | D:1      | 0 ||| qw: Game counter: 6827
     0 | D:1      | 0 ||| qw: Melee chars always use a shield: true
     0 | D:1      | 0 ||| qw: God list: Okawaru
     0 | D:1      | 0 ||| qw: Allow faded altars: false
     0 | D:1      | 0 ||| qw: Do Orc after clearing Dungeon:15 true
     0 | D:1      | 0 ||| qw: Do second Lair branch before Depths: true
     0 | D:1      | 0 ||| qw: Lair rune preference: random
     0 | D:1      | 0 ||| qw: Goals: Normal
     0 | D:1      | 0 ||| PLANNING D:1-11
   186 | D:1      | Reached skill level 3 in Ranged Weapons
   186 | D:1      | Reached XP level 2. HP: 23/23 MP: 2/2
   509 | D:1      | Reached XP level 3. HP: 28/29 MP: 3/3
   600 | D:1      | 600 ||| UPGRADING to amulet of faith.
   605 | D:1      | 605 ||| DRINKING 2 murky ruby potions.
   606 | D:1      | 606 ||| DROPPING scroll of poison.
   758 | D:2      | Noticed Natasha
   765 | D:2      | Killed Natasha
   766 | D:2      | Reached skill level 4 in Ranged Weapons
   790 | D:2      | Noticed Natasha
   796 | D:2      | HP: 7/29 [Natasha/magic dart (5)]
   797 | D:2      | 797 ||| DRINKING potion of heal wounds.
   799 | D:2      | Killed Natasha
   800 | D:2      | Reached XP level 4. HP: 36/36 MP: 4/4
   847 | D:2      | Reached skill level 5 in Ranged Weapons
   920 | D:2      | Found a hazy altar of Hepliaklqana.
  1067 | D:2      | Noticed Natasha
  1071 | D:2      | Killed Natasha
  1123 | D:2      | Found Heakkup's Distillery.
  1128 | D:2      | 1128 ||| BUYING 2 potions of curing (78 gold).
  1128 | D:2      | Bought 2 potions of curing for 78 gold pieces
  1128 | D:2      | 1128 ||| SHOPLISTING potion of cancellation (104 gold, have
                  | 3).
  1128 | D:2      | 1128 ||| SHOPLISTING potion of curing (39 gold, have 3).
  1128 | D:2      | 1128 ||| SHOPLISTING potion of heal wounds (65 gold, have
                  | 3).
  1128 | D:2      | 1128 ||| SHOPLISTING potion of might (52 gold, have 3).
  1136 | D:2      | 1136 ||| UPGRADING to +0 leather armour.
  1146 | D:2      | 1146 ||| DROPPING +0 robe.
  1147 | D:2      | 1147 ||| UPGRADING to +4 ring of protection.
  1148 | D:2      | 1148 ||| READING scroll labelled MAAPSU XUWEI.
  1149 | D:2      | 1149 ||| READING scroll labelled EHIADD VEPUACE.
  1236 | D:3      | Reached skill level 3 in Fighting
  1265 | D:3      | Reached XP level 5. HP: 17/45 MP: 5/5
  1291 | D:3      | 1291 ||| FLEEEEING.
  1292 | D:3      | 1292 ||| FLEEEEING.
  1974 | D:3      | 1974 ||| UPGRADING to +0 ring mail.
  1984 | D:3      | 1984 ||| DROPPING +0 leather armour.
  1985 | D:3      | 1985 ||| READING scroll labelled BAALUKEIMO.
  1986 | D:3      | 1986 ||| READING 3 scrolls labelled AXTOWO QOPY.
  1991 | D:3      | 1991 ||| DRINKING 2 smoky golden potions.
  1992 | D:3      | 1992 ||| DRINKING 4 green potions.
  1993 | D:3      | 1993 ||| READING 2 scrolls of identify.
  1993 | D:3      | 1993 ||| IDENTIFYING viscous ruby potion
  1994 | D:3      | 1994 ||| DROPPING potion of brilliance.
  2015 | D:4      | You fall into a shaft and drop 2 floors!
  2031 | D:6      | 2031 ||| DRINKING 4 potions of curing.
  2031 | D:6      | 2031 ||| (to cure confusion)
  2165 | D:6      | Found Divin's Jewellery Shoppe.
  2174 | D:6      | 2174 ||| SHOPLISTING +4 ring of slaying (1014 gold, have
                  | 55).
  2174 | D:6      | 2174 ||| SHOPLISTING +5 ring of evasion (468 gold, have
                  | 55).
  2174 | D:6      | 2174 ||| SHOPLISTING +6 ring of dexterity (468 gold, have
                  | 55).
  2174 | D:6      | 2174 ||| SHOPLISTING ring "Vedgh" {Fire Fly rCorr} (516
                  | gold, have 55).
  2174 | D:6      | 2174 ||| SHOPLISTING ring of Kaips {rF+ Int+2} (470 gold,
                  | have 55).
  2174 | D:6      | 2174 ||| SHOPLISTING ring of ice (325 gold, have 55).
  2190 | D:6      | Noticed a black bear
  2199 | D:6      | Killed a black bear
  2200 | D:6      | Reached skill level 6 in Ranged Weapons
  2200 | D:6      | Reached XP level 6. HP: 37/51 MP: 6/6
  2374 | D:6      | Noticed an ice beast
  2375 | D:6      | 2375 ||| FLEEEEING.
  2376 | D:6      | 2376 ||| FLEEEEING.
  2377 | D:6      | 2377 ||| FLEEEEING.
  2378 | D:6      | 2378 ||| STAIRDANCE
  2379 | D:5      | Entered Level 5 of the Dungeon
  2380 | D:5      | 2380 ||| PLANNING SEWER
  2393 | D:5      | Killed an ice beast
  2394 | D:5      | Reached skill level 7 in Ranged Weapons
  2394 | D:5      | Reached XP level 7. HP: 28/59 MP: 7/7
  2422 | D:5      | 2422 ||| FLEEEEING.
  2437 | D:5      | 2437 ||| FLEEEEING.
  2438 | D:5      | 2438 ||| FLEEEEING.
  2439 | D:5      | 2439 ||| FLEEEEING.
  2440 | D:5      | 2440 ||| FLEEEEING.
  2441 | D:5      | 2441 ||| FLEEEEING.
  2442 | D:5      | 2442 ||| STAIRDANCE
  2581 | D:5      | Reached skill level 8 in Ranged Weapons
  2632 | D:5      | Noticed a troll
  2641 | D:5      | HP: 10/59 [troll (9)]
  2642 | D:5      | 2642 ||| READING 2 scrolls of teleportation.
  2643 | D:5      | Mangled by a troll

Levels and vault maps discovered:
D:1:      mrwooster_arrival_arrow, layout_basic, grunt_decor_junction
D:2:      layout_basic, serial_shops, nicolae_shop_real_fake_doors, basic_altar,
          nrook_loot_triangle, kennysheep_generic_room_12, uniq_natasha
D:3:      minmay_evil_eye, layout_loops_ring,
          nicolae_concentric_dashed_squares_mild
D:4:      layout_basic, minmay_temple_entry_stoned_glass
D:5:      layout_cave_pools, cheibrodos_sewer_entry_sluice
D:6:      layout_loops_ring, serial_aquarium, aquarium_bridge_square
          [aquarium_subvault_bridge, aquarium_subvault_balcony,
          aquarium_subvault_bridge, aquarium_subvault_bridge],
          aquarium_window_corner, aquarium_window_fake, aquarium_window_1,
          aquarium_view_2b, aquarium_balcony_5b, serial_shops, shop, uniq_edmund

Skill      XL: |  1  2  3  4  5  6  7 |
---------------+----------------------+-----
Ranged Weapons | 3 4 5 6 7 8 |  8.3
Fighting       | 2 3 4 |  4.3
Armour         | 2 |  2.0
Dodging        | |  2.1
Spellcasting   | |  1.0
Hexes          | |  2.0

Action                     |  1- 3 |  4- 6 |  7- 9 || total
---------------------------+-------+-------+-------++-------
   Fire: Sling             |    98 |   150 |    53 ||   301
    Use: Potion            |     2 |     3 |       ||     5
         Scroll            |       |     5 |     1 ||     6
 Armour: Robe              |     4 |     4 |       ||     8
         Leather armour    |       |     6 |       ||     6
         Ring mail         |       |    53 |    22 ||    75
  Dodge: Dodged            |    26 |    52 |    22 ||   100

Table legend:
 A = Non-vault XP
 B = Vault XP
 C = Vault XP percentage of total XP
 D = Non-vault monster count
 E = Vault monster count
 F = Vault count percentage of total count
                 A         B        C        D         E       F
            +---------+---------+-------+---------+---------+-------
      Total |    1029 |      51 |   4.7 |      72 |       8 |  10.0
            +---------+---------+-------+---------+---------+-------
        D:1 |      46 |       0 |   0.0 |      31 |       0 |   0.0
        D:2 |      96 |      36 |  27.3 |      15 |       2 |  11.8
        D:3 |      62 |       8 |  11.4 |      10 |       3 |  23.1
        D:4 |     109 |       0 |   0.0 |       1 |       0 |   0.0
        D:5 |     351 |       7 |   2.0 |       4 |       3 |  42.9
        D:6 |     365 |       0 |   0.0 |      11 |       0 |   0.0
            +---------+---------+-------+---------+---------+-------
